 Dungeon Crawl Stone Soup version 0.25-a0-35-g747a2b3c0c (webtiles) character file.

Game seed: 4080162929432346004, levelgen mode: deterministic

131821 Flugkiller the Nimble (level 17, 0/121 HPs)
             Began as an Octopode Arcane Marksman on Oct 18, 2019.
             Was the Champion of Nemelex Xobeh.
             Succumbed to a swamp dragon's poison gas
             ... on level 2 of the Swamp.
             The game lasted 02:00:56 (44014 turns).

Flugkiller the Nimble (Octopode Arcane Marksman)   Turns: 44014, Time: 02:00:56

Health: 0/121      AC:  5    Str: 10    XL:     17   Next: 11%
Magic:  16/26      EV: 27    Int: 20    God:    Nemelex Xobeh [******]
Gold:   2344       SH:  5    Dex: 14    Spells: 4/28 levels left

rFire    . . .     SeeInvis .   b - +5 demon whip (elec)
rCold    + . .     Gourm    .   w - +0 buckler
rNeg     + . .     Faith    +   s - +2 hat {MR+}
rPois    .         Spirit   .   O - amulet of faith
rElec    +         Reflect  .   j - +5 ring of slaying
rCorr    .         Harm     .   l - ring of stealth
MR       ++...                  F - ring of wizardry
Stlth    ++++++....             E - +3 ring of evasion
HPRegen  0.30/turn              U - ring of protection from cold
MPRegen  0.20/turn              Z - ring of positive energy
                                (no ring)
                                (no ring)

@: lethally poisoned (0 -> -45)
A: almost no armour, stealthy swim, amphibious, 8 rings, constrict 8, repulsion
field 1, iridescent scales 1, camouflage 1, mutation resistance 1, electricity
resistance, gelatinous body 1
a: Draw Escape, Draw Destruction, Draw Summoning, Draw Stack, Triple Draw, Deal
Four, Stack Five, Renounce Religion


You were on level 2 of the Swamp.
You worshipped Nemelex Xobeh.
Nemelex Xobeh was exalted by your worship.
You were not hungry.

You visited 4 branches of the dungeon, and saw 26 of its levels.

You collected 2757 gold pieces.
You spent 413 gold pieces at shops.

Inventory:

Hand Weapons
 a - the +5 hunting sling of Guile {freeze, Str+4}
   (You found it on level 1 of the Lair of Beasts)

   It causes projectiles fired from it to freeze those they strike, causing
   extra injury to most foes and up to half again as much damage against
   particularly susceptible opponents.
   They can also slow down cold-blooded creatures.
   It affects your strength (+4).
 b - a +5 demon whip of electrocution (weapon)
   (You acquired it on level 15 of the Dungeon)
Missiles
 c - 86 sling bullets
 h - 110 poisoned darts
 r - 710 stones (quivered)
 H - 5 throwing nets
Armour
 k - a +1 hat of see invisible
   (You found it on level 1 of the Dungeon)
 s - a +2 hat of magic resistance (worn)
   (You found it on level 2 of the Lair of Beasts)
 w - a +0 buckler (worn)
   (You found it on level 3 of the Dungeon)
Jewellery
 j - a +5 ring of slaying (left tentacle)
   (You found it on level 1 of the Dungeon)
 l - a ring of stealth (right tentacle)
   (You found it on level 1 of the Dungeon)
 E - a +3 ring of evasion (on tentacle)
   (You found it on level 2 of the Lair of Beasts)
 F - a ring of wizardry (on tentacle)
   (You found it on level 6 of the Dungeon)
 O - an amulet of faith (around mantle)
   (You found it on level 5 of the Lair of Beasts)
 U - a ring of protection from cold (on tentacle)
   (You took it off an orc priest on level 10 of the Dungeon)
 Z - a ring of positive energy (on tentacle)
   (You found it on level 11 of the Dungeon)
Wands
 y - a wand of iceblast (16)
   (You took it off Ijyb on level 3 of the Dungeon)
 A - a wand of acid (27)
   (You found it on level 4 of the Dungeon)
 B - a wand of clouds (4)
   (You found it on level 1 of the Swamp)
 C - a wand of disintegration (10)
   (You found it on level 3 of the Swamp)
 G - a wand of scattershot (12)
   (You found it on level 3 of the Lair of Beasts)
 I - a wand of enslavement (21)
   (You found it on level 8 of the Dungeon)
 J - a wand of flame (52)
   (You found it on level 1 of the Lair of Beasts)
 Q - a wand of paralysis (15)
   (You found it on level 4 of the Lair of Beasts)
Scrolls
 f - 5 scrolls of teleportation
 g - 4 scrolls of fear
 i - 2 scrolls of enchant armour
 m - 15 scrolls of remove curse
 p - a scroll of summoning
 q - 3 scrolls of magic mapping
 x - 4 scrolls of immolation
 N - 4 scrolls of vulnerability
 P - 3 scrolls of fog
 S - 7 scrolls of identify
 W - 2 scrolls of holy word
Potions
 e - 3 potions of berserk rage
 n - 3 potions of brilliance
 o - a potion of might
 t - 3 potions of agility
 u - 8 potions of heal wounds
 v - 5 potions of curing
 D - 7 potions of haste
 K - a potion of mutation
 L - 3 potions of resistance
 M - 2 potions of ambrosia
 R - 6 potions of invisibility
 Y - 2 potions of magic
Miscellaneous
 T - a lightning rod (4/4)
   (You found it on level 5 of the Lair of Beasts)
 V - a lamp of fire
   (You found it on level 9 of the Dungeon)
Comestibles
 d - 39 rations
 z - 4 chunks of flesh


   Skills:
 * Level 12.6 Fighting
 - Level 12.0 Maces & Flails
 - Level 2.0 Slings
 - Level 13.0 Dodging
 - Level 8.0 Stealth
 - Level 4.1 Shields
 + Level 6.1 Spellcasting
 - Level 12.1 Hexes
 + Level 4.7 Necromancy
 + Level 2.4 Transmutations
 + Level 4.9 Earth Magic
 - Level 13.0 Invocations
 - Level 5.0 Evocations


You had 4 spell levels left.
You knew the following spells:

 Your Spells              Type           Power        Failure   Level  Hunger
a - Corona                Hex            ######.      1%          1    None
b - Slow                  Hex            ######..     1%          2    None
c - Inner Flame           Hex/Fire       ####....     1%          3    ##.....
d - Cause Fear            Hex            ######....   1%          4    ####...
e - Borgnjor's Vile Clut  Necr/Erth      ####......   16%         5    #####..
f - Statue Form           Tmut/Erth      ###......    77%         6    #######
r - Blink                 Tloc           N/A          6%          2    None
P - Animate Skeleton      Necr           N/A          1%          1    None

Your spell library contained the following spells:

 Spells                   Type           Power        Failure   Level  Hunger
 Beastly Appendage        Tmut           ###...       1%          1    None
 Pain                     Necr           ####         1%          1    None
 Sandblast                Erth           ####..       1%          1    None
 Ensorcelled Hibernation  Hex/Ice        ####..       1%          2    None
 Passwall                 Tmut/Erth      ###.....     1%          2    None
 Sublimation of Blood     Necr           ####......   1%          2    None
 Portal Projectile        Hex/Tloc       ####..       1%          3    ##.....
 Vampiric Draining        Necr           ####......   1%          3    ##.....
 Leda's Liquefaction      Hex/Erth       #####.....   1%          4    ####...
 Regeneration             Chrm/Necr      ###.......   4%          3    ##.....
 Stone Arrow              Conj/Erth      ###...       4%          3    ##.....
 Shroud of Golubria       Chrm/Tloc      #.....       6%          2    None
 Animate Dead             Necr           N/A          6%          4    ####...
 Ignite Poison            Fire/Tmut/Pois #.......     9%          3    ##.....
 Petrify                  Tmut/Erth      ###.....     9%          4    ####...
 Gell's Gravitas          Tloc           #.........   12%         3    ##.....
 Lesser Beckoning         Tloc           #.........   12%         3    ##.....
 Recall                   Summ/Tloc      N/A          12%         3    ##.....
 Teleport Other           Tloc           #.......     12%         3    ##.....
 Passage of Golubria      Tloc           N/A          38%         4    ####...
 Metabolic Englaciation   Hex/Ice        ####......   10%         5    #####..
 Lee's Rapid Deconstruct  Erth           ####......   16%         5    #####..
 Alistair's Intoxication  Tmut/Pois      ##......     52%         5    #####..
 Irradiate                Conj/Tmut      ##........   52%         5    #####..
 Death Channel            Necr           ####......   61%         6    #######
 Hydra Form               Tmut           ###.......   90%         6    #######
 Simulacrum               Ice/Necr       ###.......   90%         6    #######
 Ozocubu's Refrigeration  Ice            #.........   99%         6    #######
 Dragon Form              Tmut           ###.......   100%        7    #######


Dungeon Overview and Level Annotations

Branches:
Dungeon (15/15)            Temple (0/1) D:7            Lair (6/6) D:8
  Swamp (3/4) Lair:2       Spider (0/4) Lair:2        Slime (0/5) Lair:6
    Orc (2/2) D:10            Elf (0/3) Orc:2        Vaults (0/5) D:14
 Depths (0/5) D:15

Altars:
Gozag
Hepliaklqana
Makhleb
Nemelex Xobeh
Okawaru
Ru
Sif Muna
Trog
Beogh

Shops:
D:4 *   D:10 *   D:15 [   Orc:2 %!}

Annotations:
D:7 2 transporters, PlumEater's ghost, novice GrEE
D:9 3 runed translucent doors, MordorOrchid's ghost, journeyman OpVM
Lair:4 Rupert


Innate Abilities, Weirdness & Mutations

You cannot wear most types of armour.
You are very stealthy in the water. (Stealth+)
You are amphibious.
You can wear up to eight rings at the same time.
You can use your tentacles to constrict eight enemies at once.
Your skin changes colour to match your surroundings (Stealth+).
Your rubbery body absorbs attacks. (AC +1, EV +1)
You are surrounded by a mild repulsion field. (EV +2)
You are partially covered in iridescent scales. (AC +2)
You are somewhat resistant to further mutation.
You are resistant to electric shocks. (rElec)


Message History

The swamp dragon seems to slow down.
You feel sick.
Your spiny frog skeleton hits the swamp dragon.
Unknown command.
You feel sick.
You feel sick.
You feel sick.
The swamp dragon breathes poison at you.
The blast of poison misses you.
You are engulfed in poison gas.
You are more poisoned.
* * * LOW HITPOINT WARNING * * *
You feel sick.
You feel very sick.
Unknown command.
You feel sick.
Your spiny frog skeleton closely misses the swamp dragon.
Casting: Slow (safe; 1% risk of failure)
Confirm with . or Enter, or press ? or * to list all spells.
Aiming: Corona (safe; 1% risk of failure)
Press: ? - help, Shift-Dir - straight line, f/p - swamp dragon
Aim: a swamp dragon (moderately wounded, slow, chance to defeat MR: 68%)
Okay, then.
You feel sick.
You feel sick.
You feel sick.
Your spiny frog skeleton barely misses the swamp dragon.
You feel sick.
Your spiny frog skeleton hits the swamp dragon!
The swamp dragon breathes poison at you.
The blast of poison engulfs you!
You are more poisoned.
* * * LOW HITPOINT WARNING * * *
You are engulfed in poison gas.
You are more poisoned.
* * * LOW HITPOINT WARNING * * *
* * * LOW HITPOINT WARNING * * *
You feel very sick.
Your spiny frog skeleton hits the swamp dragon.
The swamp dragon breathes poison at you.
The blast of poison misses you.
There is a stone staircase leading up, spattered with blood here.
You are engulfed in poison gas.
You are more poisoned.
* * * LOW HITPOINT WARNING * * *
* * * LOW HITPOINT WARNING * * *
You feel very sick.
Your spiny frog skeleton hits the swamp dragon but does no damage.
You climb upwards.
You die...
Your body glows with a rainbow of weird colours and disappears.

♣♣.≈.♣♣.≈.≈...##....♣ ♣♣.≈≈♣.≈
♣♣)♣≈.♣♣≈≈....##..≈≈♣♣
♣♣≈...... ♣≈≈♣≈.♣♣♣.♣≈......♣♣♣
♣.≈.....♣ ≈..≈...♣........♣♣♣
♣♣≈≈<.§≈♣♣ ≈≈≈≈≈≈≈.........♣♣
♣♣≈≈≈≈..♣♣ ≈≈..≈...#####....♣
♣♣♣≈.♣≈§.♣.♣ .≈.♣♣...#...#...♣♣
♣♣..≈§≈...≈♣♣
≈≈≈♣♣.[.#...#....♣♣♣...≈≈..♣♣♣♣
...##.###...#..≈@..≈.≈≈.≈♣♣♣
≈♣≈♣........#..≈.≈≈.≈≈≈♣♣♣
.≈≈(..#######........≈♣♣♣
......#.....#.....♣♣♣♣♣.♣♣
.#....#....÷#....≈♣†.♣..≈♣♣
.#....#.....#.........≈...♣
.#.######'.##..≈.≈..≈.§.≈.♣
..............≈≈..≈....♣.♣♣
♣.................≈.♣≈..♣♣


There were no monsters in sight!

Vanquished Creatures
  Jorgrun (Swamp:3)
  Roxanne (Swamp:2)
  A stone giant (Orc:2)
  Azrael (D:15)
  An ettin (Orc:2)
  13 hydras
  Harold (Lair:2)
  3 catoblepae (Lair:6)
  3 centaur warriors
  2 alligators
  2 shambling mangroves
  9 two-headed ogres
  6 death yaks
  An orc high priest (Orc:1)
  A deep elf knight (D:14)
  A spark wasp zombie (D:15)
  3 unseen horrors
  3 skeletal warriors (D:15)
  A spriggan druid (Swamp:3)
  6 swamp dragons
  Pikel (D:4)
  A flayed ghost (D:15)
  4 lindwurms (Lair:5)
  4 orc knights
  A tengu skeleton (D:15)
  A wolf spider zombie (D:14)
  A necromancer (D:15)
  4 deep elf magi (D:14)
  3 cyclopes
  4 manticores
  3 ugly things (D:13)
  8 orc sorcerers
  4 elephants
  A guardian serpent (shapeshifter) (D:15)
  Maurice (D:10)
  A centaur zombie (D:13)
  A stone giant skeleton (D:15)
  2 black mambas
  2 torpor snails
  A gargoyle (D:13)
  4 komodo dragons
  10 spiny frogs
  3 rime drakes
  2 efreet
  3 kobold demonologists
  2 tengu conjurers (D:15)
  A queen bee (D:8)
  4 trolls
  4 jumping spiders
  6 tyrant leeches
  14 hornets
  9 blink frogs
  2 polar bears (Lair:5)
  5 bog bodies
  3 hippogriffs
  5 slime creatures (D:12)
  4 dream sheep (Lair:5)
  4 shadows
  3 redbacks
  9 spriggans
  4 wyverns
  A wraith (D:14)
  97 yaks
  A hungry ghost (D:10)
  A fire elemental (D:15)
  2 basilisks
  18 vampire mosquitoes
  11 swamp worms
  6 wargs
  A soldier ant (D:11)
  3 acid dragons
  12 water moccasins
  4 hell hounds (D:15)
  11 porcupines
  A swamp drake (Swamp:2)
  2 sky beasts
  2 slaves (D:4)
  22 orc warriors
  7 phantoms
  A black bear (shapeshifter) (D:13)
  7 ice beasts
  2 black bears
  2 eyes of draining
  8 ogres
  A boggart (D:14)
  12 wolves
  6 centaurs
  28 crocodiles
  A yaktaur zombie (D:15)
  Blork the orc (D:4)
  17 big kobolds
  16 bullfrogs
  2 gnoll sergeants
  A wyvern zombie (D:13)
  6 scorpions
  A water moccasin skeleton (D:7)
  37 killer bees
  4 wights (D:6)
  3 electric eels
  A howler monkey (D:14)
  7 crimson imps
  3 bullfrog zombies
  2 jellies
  18 orc priests
  12 hounds
  36 orc wizards
  5 centaur skeletons
  Jessica (D:2)
  2 bullfrog skeletons
  Ijyb (D:3)
  Terence (D:2)
  5 iguanas
  16 worker ants
  2 worker ant zombies
  A howler monkey skeleton (D:8)
  6 gnolls
  14 adders
  3 shadow imps
  2 adder skeletons
  2 adder zombies (D:9)
  4 worms
  A dart slug (D:2)
  5 leopard geckos
  109 orcs
  4 giant cockroaches
  9 goblins
  11 hobgoblins
  11 jackals
  8 quokkas
  3 ball pythons
  4 bats
  6 frilled lizards
  31 kobolds
  A leopard gecko zombie (D:6)
  10 rats
  A plant (D:8)
925 creatures vanquished.

Vanquished Creatures (collateral kills)
  An acid blob (Lair:2)
  A hydra (Swamp:1)
  Erica (D:8)
  2 skeletal warriors (D:15)
  2 orc sorcerers (Orc:2)
  4 tyrant leeches
  2 hornets (Swamp:2)
  2 spriggans (Swamp:2)
  A yak (Lair:2)
  2 vampire mosquitoes (Swamp:1)
  A warg (Orc:2)
  2 swamp worms
  A crocodile (Lair:2)
  2 orc wizards (Orc:2)
  3 orcs (Orc:2)
27 creatures vanquished.

Vanquished Creatures (others)
  A hornet (Swamp:2)
  An orc wizard (Orc:1)
  An orc (Orc:2)
  A bush (Lair:3)
  8 fungi
  20 plants
32 creatures vanquished.

Grand Total: 984 creatures vanquished

Notes
Turn   | Place    | Note
-------+----------+-------------------------------------------
     0 | D:1      | Flugkiller the Octopode Arcane Marksman began the quest for
                  | the Orb.
     0 | D:1      | Reached XP level 1. HP: 13/13 MP: 2/2
    93 | D:1      | Reached skill level 1 in Stealth
   425 | D:1      | Reached XP level 2. HP: 18/18 MP: 3/3
   886 | D:1      | Learned a level 2 spell: Slow
   911 | D:1      | Reached XP level 3. HP: 23/23 MP: 4/4
  1754 | D:2      | Found a burning altar of Makhleb.
  1758 | D:2      | Found a sparkling altar of Nemelex Xobeh.
  1804 | D:2      | Noticed Terence
  1836 | D:2      | Killed Terence
  1836 | D:2      | Reached XP level 4. HP: 18/28 MP: 2/5
  1995 | D:2      | Noticed Jessica
  1999 | D:2      | Killed Jessica
  1999 | D:2      | Reached skill level 5 in Hexes
  2447 | D:2      | Became a worshipper of Nemelex Xobeh the Trickster
  2472 | D:3      | Received a gift from Nemelex Xobeh
  2603 | D:3      | Reached XP level 5. HP: 33/33 MP: 6/6
  3124 | D:3      | Noticed Ijyb
  3209 | D:3      | Killed Ijyb
  3356 | D:4      | Found Camp's Lightly-Used Armoury.
  3388 | D:4      | Noticed Blork the orc
  3402 | D:4      | Killed Blork the orc
  3402 | D:4      | Reached XP level 6. HP: 20/41 MP: 3/9
  3816 | D:4      | Reached XP level 7. HP: 34/46 MP: 6/11
  3852 | D:4      | Reached skill level 1 in Shields
  3993 | D:4      | Reached * piety under Nemelex Xobeh
  4323 | D:4      | Received a gift from Nemelex Xobeh
  4416 | D:4      | Noticed Pikel
  4524 | D:4      | Killed Pikel
  4524 | D:4      | Reached skill level 5 in Dodging
  4524 | D:4      | Reached XP level 8. HP: 18/52 MP: 6/12
  4918 | D:4      | Reached skill level 1 in Maces & Flails
  4918 | D:4      | Reached skill level 1 in Invocations
  5052 | D:5      | Entered Level 5 of the Dungeon
  5095 | D:5      | Found an opulent altar of Gozag.
  5163 | D:5      | Received a gift from Nemelex Xobeh
  5350 | D:5      | Found an iron altar of Okawaru.
  5855 | D:6      | Found a sacrificial altar of Ru.
  5973 | D:6      | Reached ** piety under Nemelex Xobeh
  6036 | D:6      | Reached XP level 9. HP: 57/57 MP: 13/13
  6091 | D:6      | Received a gift from Nemelex Xobeh
  7138 | D:7      | Found a transporter.
  7149 | D:7      | Noticed PlumEater's ghost (novice GrEE)
  7193 | D:7      | Found a transporter.
  7237 | D:7      | Found a staircase to the Ecumenical Temple.
  7345 | D:7      | Reached skill level 5 in Fighting
  7345 | D:7      | Reached skill level 5 in Maces & Flails
  7433 | D:7      | Received a gift from Nemelex Xobeh
  8042 | D:7      | Reached *** piety under Nemelex Xobeh
  8208 | D:8      | Learned a level 4 spell: Cause Fear
  8597 | D:8      | Reached XP level 10. HP: 68/68 MP: 10/14
  8738 | D:8      | Found a staircase to the Lair.
  8900 | D:8      | Found a shimmering blue altar of Sif Muna.
  8957 | D:8      | Noticed a two-headed ogre
  8963 | D:8      | Noticed a two-headed ogre
  9043 | D:8      | Killed a two-headed ogre
  9701 | D:8      | Killed a two-headed ogre
  9701 | D:8      | Reached XP level 11. HP: 67/72 MP: 15/15
  9809 | D:8      | Reached skill level 1 in Evocations
  9910 | D:8      | Noticed a two-headed ogre
  9955 | D:8      | Killed a two-headed ogre
  9955 | D:8      | Reached skill level 5 in Invocations
 10127 | Lair:1   | Entered Level 1 of the Lair of Beasts
 10134 | Lair:1   | Noticed Erica
 10933 | D:8      | Reached skill level 5 in Evocations
 11862 | D:8      | Killed Erica
 12410 | Lair:1   | Received a gift from Nemelex Xobeh
 12718 | Lair:1   | Reached XP level 12. HP: 48/79 MP: 7/18
 13011 | Lair:1   | Got an encrusted hunting sling
 13016 | Lair:1   | Identified the +5 hunting sling of Guile {freeze, Str+4}
                  | (You found it on level 1 of the Lair of Beasts)
 13052 | Lair:1   | Noticed a four-headed hydra
 13064 | Lair:1   | Killed a four-headed hydra
 13482 | Lair:2   | Received a gift from Nemelex Xobeh
 13485 | Lair:2   | wtf
 13485 | Lair:2   | Reached XP level 13. HP: 83/83 MP: 19/19
 13486 | Lair:2   | potion of experience
 13741 | Lair:2   | Reached skill level 10 in Dodging
 13884 | Lair:2   | Noticed Gastronok
 14417 | Lair:2   | Received a gift from Nemelex Xobeh
 14430 | Lair:2   | Found a staircase to the Swamp.
 14690 | Lair:2   | Noticed Harold
 15027 | Lair:2   | Found a hole to the Spider Nest.
 15620 | Lair:2   | Killed Harold
 15702 | Lair:2   | Noticed Gastronok
 15702 | Lair:2   | Gastronok changed into Gastronok the acid blob
 15703 | Lair:2   | fuck
 15703 | Lair:2   | misclick
 15711 | Lair:2   | no way.
 15874 | Lair:2   | Killed Gastronok the acid blob
 16474 | Lair:2   | Learned a level 3 spell: Inner Flame
 16754 | Lair:3   | Received a gift from Nemelex Xobeh
 17769 | Lair:3   | Reached **** piety under Nemelex Xobeh
 17783 | Lair:3   | Received a gift from Nemelex Xobeh
 17814 | Lair:3   | Reached skill level 10 in Maces & Flails
 18520 | Lair:4   | Noticed Rupert
 18596 | Lair:4   | Received a gift from Nemelex Xobeh
 19080 | Lair:4   | Reached XP level 14. HP: 87/94 MP: 20/20
 19442 | Lair:4   | Received a gift from Nemelex Xobeh
 20303 | Lair:4   | Gained mutation: Your magical capacity is low. (-10% MP)
                  | [potion of mutation]
 20303 | Lair:4   | Gained mutation: You are partially covered in iridescent
                  | scales. (AC +2) [potion of mutation]
 20303 | Lair:4   | Gained mutation: Your muscles are strong. (Str +2) [potion
                  | of mutation]
 20304 | Lair:4   | Lost mutation: Your muscles are strong. (Str +2) [potion of
                  | mutation]
 20304 | Lair:4   | Lost mutation: Your magical capacity is low. (-10% MP)
                  | [potion of mutation]
 20304 | Lair:4   | Gained mutation: You are resistant to electric shocks.
                  | (rElec) [potion of mutation]
 20304 | Lair:4   | Gained mutation: You are somewhat resistant to further
                  | mutation. [potion of mutation]
 20304 | Lair:4   | Gained mutation: You are surrounded by a mild repulsion
                  | field. (EV +2) [potion of mutation]
 20601 | Lair:5   | Received a gift from Nemelex Xobeh
 20670 | Lair:5   | Reached ***** piety under Nemelex Xobeh
 21235 | Lair:5   | Received a gift from Nemelex Xobeh
 21507 | Lair:5   | Identified the Papyrus of Glacial Changing
 21558 | Lair:6   | Entered Level 6 of the Lair of Beasts
 21585 | Lair:5   | Reached skill level 10 in Invocations
 21885 | Lair:6   | Received a gift from Nemelex Xobeh
 22279 | Lair:6   | ah, I hate it when it lags, and then walk into the wrong
                  | tile, so that I get petrified
 22356 | Lair:6   | Found a staircase to the Slime Pits.
 25514 | D:9      | Received a gift from Nemelex Xobeh
 26083 | D:9      | Received a gift from Nemelex Xobeh
 26230 | D:9      | Found a runed translucent gate.
 26232 | D:9      | Found a runed translucent gate.
 26233 | D:9      | Found a runed translucent gate.
 26235 | D:9      | Noticed MordorOrchid's ghost (journeyman OpVM)
 26294 | D:9      | Found a hazy altar of Hepliaklqana.
 26296 | D:9      | Received a gift from Nemelex Xobeh
 27037 | D:9      | Received a gift from Nemelex Xobeh
 27106 | D:10     | Entered Level 10 of the Dungeon
 27240 | D:10     | Reached ****** piety under Nemelex Xobeh
 27295 | D:10     | Noticed Maurice
 27324 | D:10     | Killed Maurice
 27341 | D:10     | Noticed Psyche
 27583 | D:10     | Noticed Psyche
 27583 | D:10     | Psyche changed into Psyche the scorpion
 27586 | D:10     | Killed Psyche the scorpion
 27769 | D:10     | Received a gift from Nemelex Xobeh
 27882 | D:10     | Received a gift from Nemelex Xobeh
 27967 | D:10     | Found a staircase to the Orcish Mines.
 28002 | D:10     | Found Pakyddij's General Store.
 28018 | D:10     | Reached XP level 15. HP: 97/101 MP: 22/22
 28029 | D:10     | Bought a scroll of fog for 22 gold pieces
 28293 | Orc:1    | Entered Level 1 of the Orcish Mines
 28324 | Orc:1    | Found a burning altar of Makhleb.
 28819 | Orc:1    | Received a gift from Nemelex Xobeh
 28870 | Orc:2    | Entered Level 2 of the Orcish Mines
 29160 | Orc:2    | Received a gift from Nemelex Xobeh
 29890 | Orc:2    | Found a roughly hewn altar of Beogh.
 30063 | Orc:2    | Received a gift from Nemelex Xobeh
 30088 | Orc:2    | Paralysed by an orc sorcerer for 4 turns
 31379 | Orc:2    | Found a roughly hewn altar of Beogh.
 31404 | Orc:2    | Found Xiwk's Food Shop.
 31404 | Orc:2    | Found Ozoest's Gadget Shoppe.
 31487 | Orc:2    | Found a staircase to the Elven Halls.
 31583 | Orc:2    | Found Xieduepu's Food Shop.
 31583 | Orc:2    | Found Rapnen's Distillery.
 31591 | Orc:2    | Bought a potion of resistance for 170 gold pieces
 31591 | Orc:2    | Bought a potion of ambrosia for 136 gold pieces
 31591 | Orc:2    | Bought a potion of heal wounds for 85 gold pieces
 32140 | D:11     | Received a gift from Nemelex Xobeh
 32751 | D:11     | Received a gift from Nemelex Xobeh
 33319 | D:12     | Received a gift from Nemelex Xobeh
 33899 | D:12     | Learned a level 2 spell: Blink
 34062 | D:13     | Received a gift from Nemelex Xobeh
 34764 | D:13     | Reached skill level 10 in Fighting
 35289 | D:13     | Received a gift from Nemelex Xobeh
 35334 | D:13     | Learned a level 5 spell: Borgnjor's Vile Clutch
 35638 | D:14     | Received a gift from Nemelex Xobeh
 35949 | D:14     | Reached skill level 1 in Earth Magic
 36085 | D:14     | Found a sacrificial altar of Ru.
 36241 | D:14     | Reached skill level 1 in Necromancy
 36241 | D:14     | Reached XP level 16. HP: 83/111 MP: 18/25
 37602 | D:14     | You fall into a shaft and drop 1 floor!
 37602 | D:15     | Entered Level 15 of the Dungeon
 37602 | D:15     | Found a bloodstained altar of Trog.
 37649 | D:15     | Noticed Azrael
 37777 | D:15     | Reached skill level 5 in Stealth
 37870 | D:15     | Received a gift from Nemelex Xobeh
 37901 | D:15     | Found a staircase to the Depths.
 38408 | D:14     | Found a gate to the Vaults.
 38431 | D:15     | Identified the +4 long sword "Joigur" {slice, Dex+4}
 38608 | D:15     | Found Qekut's Armour Boutique.
 39038 | D:15     | Killed Azrael
 39038 | D:15     | Reached skill level 5 in Spellcasting
 39371 | D:15     | Got an ancient hand axe
 39381 | D:15     | Identified the +11 hand axe of Entrepreneurial Spirit
                  | {chop, *Drain rPois Stlth+} (You found it on level 15 of
                  | the Dungeon)
 39382 | D:15     | Identified a scroll of acquirement
 39642 | Swamp:1  | Entered Level 1 of the Swamp
 39642 | Swamp:1  | Received a gift from Nemelex Xobeh
 39995 | Swamp:1  | Received a gift from Nemelex Xobeh
 39999 | Swamp:1  | Got a polished longbow
 40002 | Swamp:1  | Identified the +1 longbow of Ima Veru {freeze, Int+2} (You
                  | found it on level 1 of the Swamp)
 40224 | Swamp:1  | Learned a level 1 spell: Animate Skeleton
 40406 | Swamp:1  | Received a gift from Nemelex Xobeh
 40958 | Swamp:2  | Received a gift from Nemelex Xobeh
 41129 | Swamp:2  | Noticed Roxanne
 41548 | Swamp:2  | Received a gift from Nemelex Xobeh
 41965 | Swamp:2  | Killed Roxanne
 42002 | Swamp:2  | Learned a level 6 spell: Statue Form
 42469 | Swamp:3  | Reached skill level 1 in Transmutations
 43403 | Swamp:3  | Reached XP level 17. HP: 81/121 MP: 23/26
 43513 | Swamp:3  | Received a gift from Nemelex Xobeh
 43917 | Swamp:3  | Noticed Jorgrun
 43923 | Swamp:3  | Killed Jorgrun
 44013 | Swamp:3  | HP: 6/121 [poisoned by a swamp dragon (poison gas)]
 44014 | Swamp:2  | Succumbed to a swamp dragon's poison gas

Levels and vault maps discovered:
D:1:      grunt_arrival_lava_bath, layout_loops_corners, minmay_heptomino_o4
D:2:      layout_loops_corners, grunt_temple_overflow_open, uniq_jessica,
          uniq_terence
D:3:      layout_loops_ring, first_ration, uniq_ijyb
D:4:      layout_loops_cross, minmay_shop_damaged,
          eino_small_chamber_without_monster, minmay_ruptured, uniq_pikel,
          uniq_blork_the_orc
D:5:      layout_rooms, lemuel_round_altar, okawaru_metal_pillars_1_2
D:6:      minmay_general_purpose_star, layout_basic, marbit_many_paths
D:7:      layout_basic, temple_pool_b, gammafunk_ghost_arena
D:8:      kennysheep_orc_sif_temple, layout_gridville, minmay_lair_entry_grove,
          minmay_crystal_water, david_nohive_1
D:9:      layout_stronghold, kennysheep_mini_moat, ebering_ghost_rock_garden,
          evilmike_butchery
D:10:     layout_layer_cave, erik_orc_4, serial_shops, shop, uniq_maurice,
          uniq_psyche
D:11:     layout_layer_cave
D:12:     layout_rooms
D:13:     layout_loops_corners, hangedman_abyss_or_decor_lesser_grid,
          minmay_mirror_moons_of_madness
D:14:     layout_loops_ring, hangedman_vaults_entry_quadrant_bands,
          nicolae_ru_sacrificial_ziggurat, minmay_misc_feat_hallway
D:15:     gammafunk_depths_entry_grave, layout_loops_cross, lemuel_tele_altar,
          serial_shops, nicolae_shop_trees, uniq_azrael
Lair:1:   layout_big_grid, serial_bayou_shore_a, lemuel_fruit_tree, uniq_erica
Lair:2:   layout_cave_pods, swamp_mist_pool, nicolae_spider_entry_tight_spaces,
          uniq_harold, uniq_gastronok
Lair:3:   layout_regular_city, beast_lair_carwin_7, grunt_megastairs_3
Lair:4:   layout_gridlike, lemuel_fruit_fields, uniq_rupert
Lair:5:   layout_regular_city, nicolae_lair_grove_arrangements,
          minmay_lindwurm_lava
Lair:6:   evilmike_catoblepas_cave, layout_big_grid, dpeg_slime_entry_corner
Swamp:1:  layout_basic_swamp, evilmike_swamp_ruin_house_6
Swamp:2:  layout_falls_marsh, serial_swamp_ruin, evilmike_swamp_ruin_house_5,
          evilmike_swamp_ruin_rubble_2, evilmike_swamp_ruin_house_4,
          uniq_roxanne
Swamp:3:  cheibrodos_swamp_monstrosity, layout_falls_marsh,
          hangedman_swamp_ruin_hall, infiniplex_staircase_pool_2, uniq_jorgrun
Orc:1:    layout_diamond_mine, bloody_makhleb
Orc:2:    st_orc_town, layout_caves, basic_altar

Skill      XL: |  1  2  3  4  5  6  7  8  9 10 11 12 13 14 15 16 17 |
---------------+----------------------------------------------------+-----
Stealth        | 1 3 8 |  8.0
Hexes          | 4 5 6 8 12 | 12.1
Fighting       | 2 3 6 8 9 10 12 | 12.6
Dodging        | 3 5 6 8 9 11 12 13 | 13.0
Spellcasting   | 2 3 4 6 |  6.1
Shields        | 4 |  4.1
Maces & Flails | 2 6 8 10 12 | 12.0
Invocations    | 4 8 10 13 | 13.0
Evocations     | 5 |  5.0
Earth Magic    | 1 4 |  4.9
Necromancy     | 1 4 |  4.7
Transmutations | 1 2 |  2.4
Slings         | |  2.0

Action                   |  1- 3 |  4- 6 |  7- 9 | 10-12 | 13-15 | 16-18 || total
-------------------------+-------+-------+-------+-------+-------+-------++-------
Melee: Unarmed           |    12 |       |       |       |       |       ||    12
       Constrict         |    22 |     5 |    28 |    25 |   204 |    79 ||   363
       Tentacles         |    13 |     4 |    20 |    43 |   326 |   127 ||   533
       Whip              |    71 |    20 |   111 |   251 |  1681 |   282 ||  2416
       Flail             |       |     2 |     7 |       |       |       ||     9
       Demon whip        |       |       |       |       |       |   261 ||   261
 Fire: Hunting sling     |     9 |       |       |    27 |   294 |    56 ||   386
       Fustibalus        |     6 |    86 |   217 |   210 |       |       ||   519
 Cast: Corona            |     4 |    11 |    20 |    32 |   129 |    50 ||   246
       Slow              |     1 |    11 |    35 |    63 |   204 |    77 ||   391
       Cause Fear        |       |       |       |    10 |    19 |     9 ||    38
       Inner Flame       |       |       |       |       |     3 |     4 ||     7
       Blink             |       |       |       |       |       |     6 ||     6
       Animate Skeleton  |       |       |       |       |       |     6 ||     6
Invok: Triple Draw       |       |       |       |       |     4 |     1 ||     5
       Stack Five        |       |       |       |       |     1 |       ||     1
 Abil: Draw Destruction  |       |       |     1 |       |    12 |    21 ||    34
       Draw Escape       |       |       |     1 |       |       |       ||     1
       Draw Summoning    |       |       |       |     1 |    11 |     3 ||    15
Evoke: Wand              |       |       |     2 |     1 |     9 |     8 ||    20
  Use: Scroll            |     4 |     3 |    12 |     4 |    12 |    11 ||    46
       Potion            |       |       |       |     2 |     4 |       ||     6
 Stab: Sleeping          |     3 |     2 |     5 |     5 |    17 |     2 ||    34
       Distracted        |       |       |     1 |       |     1 |     1 ||     3
       Paralysed         |       |       |       |       |       |     5 ||     5
  Eat: Chunk             |     3 |     7 |    13 |    14 |    57 |     9 ||   103
       Ration            |       |       |     1 |     2 |     7 |     5 ||    15
Armor: Skin              |    15 |     7 |     9 |    10 |    67 |    16 ||   124
Dodge: Dodged            |    65 |    35 |   107 |   157 |  1000 |   312 ||  1676
Block: Buckler           |       |     3 |    23 |    43 |   231 |    71 ||   371

Table legend:
 A = Non-vault XP
 B = Vault XP
 C = Vault XP percentage of total XP
 D = Non-vault monster count
 E = Vault monster count
 F = Vault count percentage of total count
                 A         B        C        D         E       F
            +---------+---------+-------+---------+---------+-------
      Total |  124387 |   49009 |  28.3 |     741 |     210 |  22.1
            +---------+---------+-------+---------+---------+-------
        D:1 |      39 |       6 |  13.3 |      25 |       3 |  10.7
        D:2 |      32 |      73 |  69.5 |      11 |       2 |  15.4
        D:3 |     109 |      36 |  24.8 |      22 |       1 |   4.3
        D:4 |     455 |     825 |  64.5 |      26 |       5 |  16.1
        D:5 |     479 |       0 |   0.0 |       7 |       0 |   0.0
        D:6 |     972 |      38 |   3.8 |      28 |       2 |   6.7
        D:7 |    1325 |       0 |   0.0 |      31 |       0 |   0.0
        D:8 |    9194 |    3993 |  30.3 |      57 |      32 |  36.0
        D:9 |    4380 |     170 |   3.7 |      50 |       4 |   7.4
       D:10 |    1507 |    1051 |  41.1 |      25 |      15 |  37.5
       D:11 |    6069 |       0 |   0.0 |      27 |       0 |   0.0
       D:12 |    5721 |       0 |   0.0 |      49 |       0 |   0.0
       D:13 |    9616 |    1702 |  15.0 |      34 |       7 |  17.1
       D:14 |    7392 |    4703 |  38.9 |      26 |      15 |  36.6
       D:15 |    7235 |    6805 |  48.5 |      29 |      14 |  32.6
     Lair:1 |    3221 |     295 |   8.4 |      14 |       1 |   6.7
     Lair:2 |    4192 |    3632 |  46.4 |      24 |       7 |  22.6
     Lair:3 |    6168 |    1985 |  24.3 |      21 |      13 |  38.2
     Lair:4 |    7018 |     868 |  11.0 |      32 |       1 |   3.0
     Lair:5 |    4536 |    4668 |  50.7 |      20 |      11 |  35.5
     Lair:6 |    2264 |    8354 |  78.7 |      11 |      15 |  57.7
    Swamp:1 |    7733 |       0 |   0.0 |      27 |       0 |   0.0
    Swamp:2 |   10104 |    2095 |  17.2 |      32 |       1 |   3.0
    Swamp:3 |   14500 |    3223 |  18.2 |      38 |       1 |   2.6
      Orc:1 |    4872 |       0 |   0.0 |      39 |       0 |   0.0
      Orc:2 |    5254 |    4487 |  46.1 |      36 |      60 |  62.5
            +---------+---------+-------+---------+---------+-------
